 Dungeon Crawl Stone Soup version 0.30-a0-354-g6b83867211 (webtiles) character file.

Game seed: 13461163169666890663

3684 Lanoc the Earth Mage (level 10, -1/63 HPs)
             Began as a Formicid Earth Elementalist on Nov 7, 2022.
             Was a Follower of Sif Muna.
             Slain by a bullfrog (5 damage)
             ... on level 8 of the Dungeon.
             The game lasted 00:09:49 (6947 turns).

Lanoc the Earth Mage (Formicid Earth Elementalist)  Turns: 6947, Time: 00:09:50

Health: -1/63      AC:  3    Str: 12    XL:     10   Next: 35%
Magic:  1/13       EV: 12    Int: 20    God:    Sif Muna [*.....]
Gold:   473        SH:  0    Dex: 14    Spells: 10/13 levels left

rFire   . . .      SeeInvis +    g - staff of earth
rCold   . . .      Faith    .    (no shield)
rNeg    . . .      Spirit   .    a - +0 robe
rPois   .          Reflect  .    (helmet unavailable)
rElec   .          Harm     .    (no cloak)
rCorr   .          Rampage  .    (no gloves)
Will    +....                    h - +0 pair of boots
Stlth   ++........               (no amulet)
HPRegen 0.30/turn                (no ring)
MPRegen 0.13/turn                (no ring)

@: lethally poisoned (-1 -> -4)
A: permanent stasis, dig shafts and tunnels, antennae 3, four strong arms
a: Dig, Shaft Self, Renounce Religion, Channel Magic


You were on level 8 of the Dungeon.
You worshipped Sif Muna.
Sif Muna was aware of your devotion.
You visited 2 branches of the dungeon, and saw 9 of its levels.

You collected 473 gold pieces.

Inventory:

Hand Weapons
 y - the +6 rapier of Haunted Subterfuge {flame, rN++}
   (You found it on level 6 of the Dungeon)

   It burns those it strikes, dealing additional fire damage.
   rN:        It greatly protects you from negative energy.
Missiles
 r - 2 throwing nets
Armour
 a - a +0 robe (worn)
 h - a +0 pair of boots (worn)
Magical Staves
 g - a staff of earth (weapon)
Wands
 n - a wand of digging (12)
 q - a wand of polymorph (25)
 t - a wand of iceblast (7)
Scrolls
 c - 6 scrolls of teleportation {unknown}
 d - 11 scrolls of identify {unknown}
 k - 2 scrolls of vulnerability {unknown}
 l - a scroll of enchant armour {unknown}
 m - a scroll of fear {unknown}
 o - a scroll of butterflies {unknown}
 u - a scroll of brand weapon {unknown}
 w - 3 scrolls of torment {unknown}
 B - a scroll of magic mapping {unknown}
Potions
 b - a potion of magic
 e - a potion of ambrosia {unknown}
 f - 3 potions of berserk rage {unknown}
 i - 3 potions of flight {unknown}
 j - 3 potions of resistance {unknown}
 p - 3 potions of haste {unknown}
 s - 3 potions of curing
 v - a potion of mutation {unknown}
 x - a potion of cancellation {unknown}
 z - a potion of degeneration {unknown}
 A - 2 potions of lignification {unknown}


   Skills:
 - Level 1.7 Dodging
 - Level 2.4 Stealth
 - Level 2.1 Spellcasting
 - Level 1.1 Transmutations
 * Level 16.8 Earth Magic


You had 10 spell levels left.
You knew the following spells:

 Your Spells              Type           Power      Damage    Failure   Level
a - Sandblast             Erth           100%       2d20      0%          1
b - Passwall              Tmut/Erth      45%        N/A       1%          2

Your spell library contained the following spells:

 Spells                   Type           Power      Damage    Failure   Level
 Stone Arrow              Conj/Erth      100%       3d13      1%          3
 Petrify                  Tmut/Erth      55%        N/A       3%          4
 Ensorcelled Hibernation  Hex/Ice        4%         N/A       24%         2
 Spider Form              Tmut/Pois      4%         N/A       36%         3
 Gell's Gravitas          Tloc           2%         N/A       43%         3
 Lesser Beckoning         Tloc           4%         N/A       43%         3
 Teleport Other           Tloc           2%         N/A       43%         3
 Anguish                  Hex/Necr       1%         N/A       83%         4


Dungeon Overview and Level Annotations

Branches:
Dungeon (8/15)             Temple (1/1) D:7            Lair (0/5) D:8

Altars:
Ashenzari
Cheibriados
Dithmenos
Elyvilon
Fedhas
Gozag
Hepliaklqana
Makhleb
Nemelex Xobeh
Okawaru
Ru
Sif Muna
Uskayaw
Vehumet
Zin


Innate Abilities, Weirdness & Mutations

You cannot be hasted, slowed, berserked, paralysed or teleported.
You can dig through walls and to a lower floor.
You have a pair of large antennae on your head. (SInv)
Your four strong arms can wield two-handed weapons with a shield.


Message History

Aim: a water moccasin (severely wounded, 76% to hit)
You feel a surge of power!
The blast of sand misses the water moccasin.
* * * LOW HITPOINT WARNING * * *
You feel extremely sick.
The water moccasin bites you but does no damage. x2
Casting: Sandblast (safe; 0% risk of failure)
Confirm with . or Enter, or press ? or * to list all spells.
Aiming: Sandblast (safe; 0% risk of failure)
Press: ? - help, Shift-Dir - straight line, f/p - water moccasin
Aim: a water moccasin (severely wounded, 76% to hit)
You feel a surge of power!
The blast of sand hits the water moccasin!!
You kill the water moccasin!
Sif Muna accepts your kill.
The bullfrog croaks.
* * * LOW HITPOINT WARNING * * *
You feel very sick.
* * * LOW HITPOINT WARNING * * *
You feel sick.
* * * LOW HITPOINT WARNING * * *
You feel very sick.
Casting: Sandblast (safe; 0% risk of failure)
Confirm with . or Enter, or press ? or * to list all spells.
Aiming: Sandblast (safe; 0% risk of failure)
Press: ? - help, Shift-Dir - straight line, f - bullfrog
Aim: a bullfrog (82% to hit)
You feel a surge of power!
The blast of sand hits the bullfrog!
The bullfrog is severely wounded.
* * * LOW HITPOINT WARNING * * *
You feel sick.
Casting: Sandblast (safe; 0% risk of failure)
Confirm with . or Enter, or press ? or * to list all spells.
Aiming: Sandblast (safe; 0% risk of failure)
Press: ? - help, Shift-Dir - straight line, f/p - bullfrog
Aim: a bullfrog (severely wounded, 82% to hit)
You feel a surge of power!
The blast of sand misses the bullfrog.
* * * LOW HITPOINT WARNING * * *
You feel sick. The bullfrog hits you.
You die...

###..##
#.......#..P............)
###.##
#....#.....P.............
....#
##..##.....:P.....P......
##.## #.#
#..).)...P.......... #..#
#.. #..))P.P...P........
###.# #.
#..P........P....... .#
.# #......)..P...P.....
....##
.####P......))....P.....
##...##
.......@F......P....P...
.... ............>P.....
#.... ...................
##.....
...................
.......
.....P............P
.##...#.
.................P
.##....#
..............P.P
........ ...............P
.†......


You could see a bullfrog.

Vanquished Creatures
  Maggie (D:7)
  Grinder (D:5)
  Eustachio (D:5)
  3 water moccasins (D:8)
  Duvessa (D:5)
  4 sky beasts
  3 black bears
  3 ogres
  A centaur (D:8)
  3 phantoms
  A kobold brigand (D:8)
  2 necrophages (D:5)
  3 bullfrogs
  A gnoll sergeant (D:7)
  3 scorpions
  Dowan (D:5)
  3 killer bees
  3 howler monkeys
  A gnoll bouda (D:4)
  3 jellies
  Jessica (D:2)
  2 iguanas (D:5)
  Ijyb (D:5)
  4 orc wizards
  13 gnolls
  4 adders
  3 white imps
  3 worms (D:2)
  5 dart slugs
  9 orcs
  3 ball pythons
  8 bats
  An endoplasm (D:4)
  4 giant cockroaches
  5 goblins
  4 hobgoblins
  A quokka (D:1)
  A frilled lizard (D:3)
  10 kobolds
  5 rats
129 creatures vanquished.

Vanquished Creatures (others)
  47 fungi (D:8)
  51 plants
98 creatures vanquished.

Grand Total: 227 creatures vanquished

Notes
Turn   | Place    | Note
-------+----------+-------------------------------------------
     0 | D:1      | Lanoc the Formicid Earth Elementalist began the quest for
                  | the Orb.
     0 | D:1      | Reached XP level 1. HP: 13/13 MP: 3/3
   240 | D:1      | Reached skill level 4 in Earth Magic
   304 | D:1      | Reached XP level 2. HP: 18/19 MP: 0/5
  1035 | D:2      | Reached XP level 3. HP: 24/24 MP: 1/6
  1167 | D:2      | Reached skill level 5 in Earth Magic
  1392 | D:2      | Noticed Jessica
  1393 | D:2      | Killed Jessica
  1394 | D:2      | Reached XP level 4. HP: 30/30 MP: 5/7
  1666 | D:2      | Reached skill level 6 in Earth Magic
  1750 | D:2      | Found a faded altar of an unknown god.
  2375 | D:3      | Learned a level 2 spell: Passwall
  2520 | D:3      | Reached XP level 5. HP: 35/35 MP: 6/8
  3003 | D:4      | Noticed a sky beast
  3008 | D:4      | Killed a sky beast
  3009 | D:4      | Reached skill level 7 in Earth Magic
  3009 | D:4      | Reached XP level 6. HP: 29/41 MP: 5/9
  3055 | D:4      | Noticed an ogre
  3059 | D:4      | Killed an ogre
  3060 | D:4      | Reached skill level 8 in Earth Magic
  3413 | D:4      | Reached XP level 7. HP: 46/46 MP: 8/10
  3450 | D:4      | Reached skill level 9 in Earth Magic
  3775 | D:5      | Entered Level 5 of the Dungeon
  3805 | D:5      | Noticed Duvessa
  3806 | D:5      | Noticed Dowan
  3809 | D:5      | Killed Duvessa
  3812 | D:5      | Killed Dowan
  3813 | D:5      | Reached skill level 10 in Earth Magic
  3895 | D:5      | Identified the +3 arbalest of Due Proportion {flame, rC-
                  | Int+6}
  3992 | D:5      | Reached XP level 8. HP: 51/52 MP: 8/11
  4049 | D:5      | Noticed Grinder
  4056 | D:5      | Killed Grinder
  4057 | D:5      | Reached skill level 11 in Earth Magic
  4103 | D:5      | Noticed Ijyb
  4134 | D:5      | Killed Ijyb
  4360 | D:5      | Reached skill level 12 in Earth Magic
  4551 | D:5      | Noticed Eustachio
  4554 | D:5      | Killed Eustachio
  4555 | D:5      | Reached XP level 9. HP: 57/57 MP: 8/12
  4683 | D:6      | Reached skill level 13 in Earth Magic
  4827 | D:6      | Found a broken altar of Ashenzari.
  4827 | D:6      | Found a snail-covered altar of Cheibriados.
  4827 | D:6      | Found a shimmering blue altar of Sif Muna.
  4827 | D:6      | Found an opulent altar of Gozag.
  4827 | D:6      | Found a shadowy altar of Dithmenos.
  4828 | D:6      | Found a sparkling altar of Nemelex Xobeh.
  4836 | D:6      | Found an iron altar of Okawaru.
  4850 | D:6      | Became a worshipper of Sif Muna the Loreminder
  5097 | D:6      | Reached skill level 14 in Earth Magic
  5147 | D:6      | Identified the +6 rapier of Haunted Subterfuge {flame,
                  | rN++}
  5560 | D:7      | Found a staircase to the Ecumenical Temple.
  6074 | D:7      | Reached skill level 15 in Earth Magic
  6333 | D:7      | Noticed Maggie
  6336 | D:7      | Killed Maggie
  6337 | D:7      | Reached XP level 10. HP: 34/63 MP: 9/13
  6547 | D:8      | Reached skill level 16 in Earth Magic
  6553 | D:7      | Reached * piety under Sif Muna
  6596 | Temple   | Entered the Ecumenical Temple
  6903 | D:8      | Found a staircase to the Lair.
  6947 | D:8      | Slain by a bullfrog

Illustrated notes

Levels and vault maps discovered:
D:1:      minmay_arrival_loop, layout_loops_ring, dk_noncrumbling_3,
          minmay_misc_feat_cross
D:2:      layout_basic, ebering_ecumenical_altar_webs, serial_forest,
          infiniplex_forest_clump_small, infiniplex_forest_fountain,
          infiniplex_forest_lined_ring, infiniplex_forest_lined_corner,
          infiniplex_forest_clump_double, infiniplex_forest_lined_corner,
          infiniplex_forest_lined_2, uniq_jessica
D:3:      layout_basic, nicolae_titane
D:4:      layout_gridville, nicolae_elevator_lobby_asterisk
D:5:      layout_gridville, uniq_eustachio, uniq_grinder, uniq_duvessa,
          uniq_ijyb
D:6:      lemuel_ice_spiral_2, layout_basic, grunt_temple_overflow_open
D:7:      hellmonk_ruined_rings, layout_gridville, minmay_temple_entry_statues,
          uniq_maggie
D:8:      layout_layer_cave, kennysheep_mini, due_lair_maze_entry_diamond,
          uniq_gastronok
Temple:   eino_narrow_crystal_temple

Skill      XL: |  1  2  3  4  5  6  7  8  9 10 |
---------------+-------------------------------+-----
Earth Magic    | 4 5 6 7 8 10 12 15 16 | 16.8
Dodging        | |  1.7
Stealth        | |  2.4
Spellcasting   | |  2.1
Transmutations | |  1.1

Action                   |  1- 3 |  4- 6 |  7- 9 | 10-12 || total
-------------------------+-------+-------+-------+-------++-------
Melee: Staff             |     2 |       |     2 |       ||     4
       Unarmed           |       |       |    15 |       ||    15
 Cast: Sandblast         |    31 |    49 |   106 |    31 ||   217
 Stab: Confused          |       |       |     1 |       ||     1
Armor: Robe              |     3 |     3 |     4 |     6 ||    16
       Skin              |       |       |     5 |       ||     5
Dodge: Dodged            |     5 |    16 |    37 |    18 ||    76

Table legend: (Time is in decaauts)
 A = Elapsed time spent in this place.
 B = Non-inter-level travel time spent in this place.
 C = Inter-level travel time spent in this place.
 D = Time resting spent in this place.
 E = Time spent auto-exploring this place.
 F = Levels seen in this place.
 G = Mean time per level.
                   A        B        C        D        E       F      G
               +--------+--------+--------+--------+--------+-----+--------+
         Total |   7052 |   6558 |    494 |     99 |   5639 |   9 |  783.6 |
       Dungeon |   7050 |   6556 |    494 |     99 |   5639 |   8 |  881.2 |
        Temple |      1 |      1 |      0 |      0 |      0 |   1 |    1.0 |
               +--------+--------+--------+--------+--------+-----+--------+

Top non-repeatable levels by time:
     D:2: 1186 daAuts
     D:7: 1118 daAuts
     D:1: 924 daAuts
     D:5: 918 daAuts
     D:4: 905 daAuts
     D:6: 870 daAuts
     D:3: 803 daAuts
     D:8: 321 daAuts
  Temple: 1 daAuts
